 Dungeon Crawl Stone Soup version 0.25-a0-663-gace7076f2c (webtiles) character file.

Game seed: 15376445904700409184, levelgen mode: deterministic

17588 Conn the Thaumaturge (level 12, -3/78 HPs)
             Began as an Octopode Wizard on Mar 24, 2020.
             Was an Elder of Sif Muna.
             Killed from afar by an ice dragon (25 damage)
             ... with a blast of cold
             ... on level 12 of the Dungeon on Mar 25, 2020.
             The game lasted 01:29:58 (19539 turns).

Conn the Thaumaturge (Octopode Wizard)             Turns: 19539, Time: 01:29:59

Health: -3/78      AC:  4    Str:  9    XL:     12   Next: 49%
Magic:  21/26      EV: 13    Int: 23    God:    Sif Muna [****..]
Gold:   3436       SH: 10    Dex: 12    Spells: 6/32 levels left

rFire    + . .     SeeInvis .   z - +4 rapier (flame)
rCold    + . .     Gourm    .   h - +2 kite shield {AC+3}
rNeg     . . .     Faith    .   a - +0 hat
rPois    +         Spirit   .   (no amulet)
rElec    +         Reflect  .   (no ring)
rCorr    +         Harm     .   (no ring)
MR       .....     Rnd*Tele +   (no ring)
Stlth    ++++......             (no ring)
HPRegen  0.23/turn              (no ring)
MPRegen  0.20/turn              (no ring)
                                (no ring)
                                (no ring)

@: resistant, very slightly contaminated, lightly drained
A: almost no armour, stealthy swim, amphibious, 8 rings, constrict 8, tentacle
spike 1, camouflage 1, clever 1, teleportitis 1, gelatinous body 1
a: Channel Magic, Forget Spell, Divine Exegesis, Renounce Religion


You were on level 12 of the Dungeon.
You worshipped Sif Muna.
Sif Muna was greatly pleased with you.
You were not hungry.

You visited 2 branches of the dungeon, and saw 13 of its levels.
You also visited: Bailey.

You collected 3436 gold pieces.

Inventory:

Hand Weapons
 r - the +6 great sword of Blood {drain, rC+}
   (You found it on level 11 of the Dungeon)

   A truly terrible weapon, it drains the life of those it strikes.
   It protects you from cold.
 z - a +4 rapier of flaming (weapon)
 E - a +4 hunting sling of freezing
 H - a +2 short sword of holy wrath
Missiles
 o - 79 sling bullets
 B - a boomerang of dispersal (quivered)
Armour
 a - a +0 hat (worn)
 h - a +2 kite shield of protection (worn)
 l - a +3 buckler
Magical Staves
 x - an uncursed staff of energy
Jewellery
 m - an uncursed ring of fire
Wands
 d - a wand of random effects (27)
 j - a wand of disintegration (3)
 t - a wand of digging (18)
 y - a wand of iceblast (1)
 D - a wand of acid (4)
 F - a wand of polymorph (9)
Scrolls
 e - 6 scrolls of immolation
 f - 8 scrolls of identify
 i - a scroll of magic mapping
 k - 3 scrolls of amnesia
 n - a scroll of remove curse {unknown}
 p - a scroll of blinking
 q - 2 scrolls of fog
 u - 6 scrolls of teleportation
Potions
 s - 2 potions of brilliance
 A - a potion of haste
 C - a potion of might
Comestibles
 c - 17 rations


   Skills:
 + Level 5.9(5.4) Fighting
 + Level 5.6(5.1) Short Blades
 + Level 0.1(0.0) Throwing
 - Level 5.0(4.5) Dodging
 - Level 5.4(4.9) Stealth
 - Level 5.2(4.7) Shields
 * Level 10.6(10.0) Spellcasting
 * Level 8.2(7.6) Conjurations
 + Level 3.2(2.7) Charms
 + Level 2.9(2.4) Summonings
 + Level 3.4(2.9) Translocations
 * Level 2.7(2.2) Fire Magic
 + Level 4.0(3.5) Air Magic
 + Level 3.6(3.1) Poison Magic
 * Level 3.5(3.0) Invocations
 + Level 2.1(1.6) Evocations


You had 6 spell levels left.
You knew the following spells:

 Your Spells              Type           Power        Failure   Level  Hunger
a - Magic Dart            Conj           ####         1%          1    None
b - Blink                 Tloc           N/A          9%          2    None
c - Call Imp              Summ           ###.....     12%         2    None
d - Conjure Flame         Conj/Fire      ####....     9%          3    None
e - Mephitic Cloud        Conj/Pois/Air  ####....     9%          3    None
f - Static Discharge      Conj/Air       #####...     6%          3    None
g - Airstrike             Air            ####......   43%         4    #......
h - Iskenderun's Battles  Conj/Chrm      #####...     56%         5    ####...
i - Inner Flame           Hex/Fire       ###.....     36%         3    None

Your spell library contained the following spells:

 Spells                   Type           Power        Failure   Level  Hunger
 Shock                    Conj/Air       ####         1%          1    None
 Swiftness                Chrm/Air       ####....     9%          2    None
 Sting                    Tmut/Pois      ###.         11%         1    None
 Beastly Appendage        Tmut           ##....       21%         1    None
 Slow                     Hex            ##......     30%         2    None
 Lightning Bolt           Conj/Air       #####.....   50%         5    ####...
 Bolt of Magma            Conj/Fire/Erth ####......   83%         5    ####...
 Darkness                 Hex            ##........   100%        6    ######.
 Iron Shot                Conj/Erth      ####......   100%        6    ######.
 Orb of Destruction       Conj           #####.....   100%        7    #######
 Spellforged Servitor     Conj/Summ      ####......   100%        7    #######


Dungeon Overview and Level Annotations

Branches:
Dungeon (12/15)            Temple (1/1) D:6            Lair (0/6) D:9
 Bailey (visited)
    Orc: D:9-12

Altars:
Ashenzari
Dithmenos
Fedhas
Kikubaaqudgha
Makhleb
Nemelex Xobeh
Sif Muna
Trog
Uskayaw
Yredelemnul
The Shining One

Shops:
D:4 [

Portals:
Ice
Cave: D:12

Annotations:
D:12 2 runed translucent doors, Xetefrod's ghost, journeyman FoAK


Innate Abilities, Weirdness & Mutations

You cannot wear most types of armour.
You are very stealthy in the water. (Stealth+)
You are amphibious.
You can wear up to eight rings at the same time.
You can use your tentacles to constrict eight enemies at once.
Your skin changes colour to match your surroundings (Stealth+).
Your rubbery body absorbs attacks. (AC +1, EV +1)
One of your tentacles bears a spike.
Your mind is acute. (Int +2)
You are occasionally teleported next to monsters.


Message History

You blink.
Casting: Blink (safe; 9% risk of failure)
Confirm with . or Enter, or press ? or * to list all spells.
Okay, then.
Unknown command.
Unknown command.
Evoke which item? (* to show all) (? for menu, Esc to quit)
Aiming: Disintegrate
Press: ? - help, Shift-Dir - straight line, f - ice dragon
Aim: an ice dragon (chance to defeat MR: 55%)
Okay, then.
Unknown command.
Evoke which item? (* to show all) (? for menu, Esc to quit)
Aiming: Polymorph
Press: ? - help, Shift-Dir - straight line, f - ice dragon
Aim: an ice dragon (chance to defeat MR: 32%)
The ice dragon easily resists.
The ice dragon breathes frost at you. The blast of cold hits you!! You resist.
You die...

... #..# ... #..# ..
#+###..# #.###......#
#....รท...D.########
#..................
#..................
#..................
#..........@.......
....................
########.............
##############


You could see an ice dragon.

Vanquished Creatures
  An orc warlord (Bailey)
  Erolcha (D:11)
  The ghost of kelmiir the Blocker, a journeyman GnFi of Gozag (D:11)
  A hydra (D:11)
  Erica (D:10)
  4 two-headed ogres
  An unseen horror (D:11)
  An oklob plant (D:6)
  A cyclops (D:11)
  Joseph (D:7)
  Maurice (D:10)
  A kobold demonologist (D:10)
  3 hippogriffs
  21 yaks
  3 hungry ghosts
  A water moccasin (D:11)
  2 porcupines (D:8)
  5 orc warriors
  3 ice beasts
  2 sky beasts
  7 ogres
  3 phantoms
  A wolf (D:12)
  4 centaurs
  A crocodile (D:8)
  4 big kobolds (D:10)
  5 bullfrogs
  Blork the orc (D:5)
  A gnoll sergeant (D:9)
  4 scorpions
  8 killer bees
  4 wights (D:12)
  5 howler monkeys
  5 crimson imps
  A quasit (D:9)
  2 bullfrog zombies
  7 hounds
  6 jellies
  6 orc priests
  Crazy Yiuf (D:7)
  2 iguanas
  10 orc wizards
  7 worker ants
  A hound zombie (D:8)
  2 hound skeletons
  A worker ant zombie (D:8)
  Robin (D:2)
  7 gnolls
  13 adders
  4 shadow imps
  16 oozes
  2 adder zombies
  2 worms (D:4)
  A dart slug (D:4)
  7 leopard geckos
  40 orcs
  A giant cockroach (D:7)
  20 goblins
  8 hobgoblins
  12 jackals
  50 kobolds
  2 quokkas
  10 bats
  5 frilled lizards
  A jackal zombie (D:5)
  7 kobold skeletons (D:10)
  11 kobold zombies (D:10)
  A leopard gecko zombie (D:6)
  A quokka skeleton (D:5)
  A quokka zombie (D:8)
  6 rats
  A fungus (D:6)
384 creatures vanquished.

Vanquished Creatures (collateral kills)
  A black bear (D:6)
  A scorpion (D:2)
  A hound (D:6)
  An adder (D:2)
  2 oozes (D:6)
  5 orcs
  2 goblins (D:2)
  A hobgoblin (D:2)
  3 jackals (D:2)
17 creatures vanquished.

Vanquished Creatures (others)
  7 fungi
  A plant (D:9)
8 creatures vanquished.

Grand Total: 409 creatures vanquished

Notes
Turn   | Place    | Note
-------+----------+-------------------------------------------
     0 | D:1      | Conn the Octopode Wizard began the quest for the Orb.
     0 | D:1      | Reached XP level 1. HP: 11/11 MP: 4/4
   372 | D:1      | Reached XP level 2. HP: 11/17 MP: 3/6
   494 | D:1      | Learned a level 2 spell: Blink
   497 | D:1      | Learned a level 2 spell: Call Imp
  1103 | D:2      | Noticed a scorpion
  1155 | D:2      | Killed a scorpion
  1155 | D:2      | Reached XP level 3. HP: 10/22 MP: 2/8
  1757 | D:2      | Found a basalt altar of Yredelemnul.
  1765 | D:2      | Reached XP level 4. HP: 18/27 MP: 9/9
  1984 | D:2      | Learned a level 3 spell: Conjure Flame
  2119 | D:2      | Noticed Robin
  2121 | D:2      | Killed Robin
  2121 | D:2      | Reached skill level 1 in Fighting
  2495 | D:2      | Found a blossoming altar of Fedhas.
  2888 | D:3      | Found a hide-covered altar of Uskayaw.
  2934 | D:3      | Reached XP level 5. HP: 33/33 MP: 10/10
  2953 | D:3      | Reached skill level 4 in Spellcasting
  3095 | D:3      | Learned a level 3 spell: Mephitic Cloud
  3658 | D:3      | Reached XP level 6. HP: 37/39 MP: 12/12
  4530 | D:4      | Reached skill level 1 in Short Blades
  4768 | D:4      | Reached skill level 1 in Shields
  4957 | D:4      | Found a shadowy altar of Dithmenos.
  4979 | D:4      | Found Imiroh's Armour Shop.
  5483 | D:5      | Entered Level 5 of the Dungeon
  5737 | D:5      | Reached XP level 7. HP: 36/45 MP: 7/13
  6107 | D:5      | Found a bloodstained altar of Trog.
  6216 | D:5      | Noticed Blork the orc
  6227 | D:5      | HP: 2/45 [centaur/+0 whip (9)]
  6235 | D:5      | Killed Blork the orc
  6235 | D:5      | Reached XP level 8. HP: 36/51 MP: 3/15
  6429 | D:5      | Learned a level 3 spell: Static Discharge
  6852 | D:6      | Reached skill level 5 in Spellcasting
  6878 | D:6      | Found a sparkling altar of Nemelex Xobeh.
  7401 | D:6      | Found a staircase to the Ecumenical Temple.
  7406 | Temple   | Entered the Ecumenical Temple
  7412 | Temple   | Became a worshipper of Sif Muna the Loreminder
  7765 | D:6      | Gained mutation: Your mind is acute. (Int +2) [potion of
                  | mutation]
  7765 | D:6      | Gained mutation: You are occasionally teleported next to
                  | monsters. [potion of mutation]
  7765 | D:6      | Gained mutation: One of your tentacles bears a spike.
                  | [potion of mutation]
  8093 | D:6      | Reached XP level 9. HP: 43/57 MP: 1/17
  8300 | D:6      | Reached skill level 6 in Spellcasting
  8455 | D:6      | Noticed an oklob plant
  8700 | D:6      | Reached * piety under Sif Muna
  8818 | D:6      | Killed an oklob plant
  8818 | D:6      | Reached skill level 5 in Conjurations
  8818 | D:6      | Reached skill level 1 in Air Magic
  9182 | D:7      | Reached skill level 1 in Evocations
  9557 | D:7      | Found a flagged portal.
  9572 | Bailey   | Entered a bailey
  9648 | Bailey   | Noticed an orc warlord
  9659 | Bailey   | Reached skill level 7 in Spellcasting
  9678 | Bailey   | Reached ** piety under Sif Muna
  9864 | Bailey   | Found a runed translucent gate.
  9866 | Bailey   | Found a runed translucent gate.
  9868 | Bailey   | Found a runed translucent gate.
 10005 | Bailey   | Learned a level 4 spell: Airstrike
 10178 | Bailey   | Killed an orc warlord
 10178 | Bailey   | Reached skill level 5 in Stealth
 10178 | Bailey   | Reached skill level 1 in Poison Magic
 10178 | Bailey   | Reached XP level 10. HP: 51/65 MP: 13/21
 10287 | Bailey   | Identified 2 scrolls of acquirement
 10287 | Bailey   | Identified the ring of the Yeti {rPois rF- rN+ EV+4 Str+4}
                  | (You acquired it in a bailey)
 10465 | D:7      | Noticed Joseph
 10484 | D:7      | Killed Joseph
 10677 | D:7      | Found a burning altar of Makhleb.
 10677 | D:7      | Noticed a cacodemon
 10680 | D:7      | Noticed an orange demon
 10810 | D:7      | Found a runed translucent door.
 10810 | D:7      | Noticed Crazy Yiuf
 10821 | D:7      | Killed Crazy Yiuf
 11029 | D:8      | Reached skill level 5 in Shields
 11197 | D:8      | Reached *** piety under Sif Muna
 11345 | D:8      | Reached skill level 8 in Spellcasting
 11773 | D:8      | Found a glowing golden altar of the Shining One.
 12247 | D:9      | Noticed a two-headed ogre
 12823 | D:9      | Reached skill level 5 in Dodging
 12920 | D:9      | Reached skill level 5 in Fighting
 13123 | D:8      | Learned a level 5 spell: Iskenderun's Battlesphere
 13182 | D:9      | Reached skill level 1 in Charms
 13480 | D:9      | Reached XP level 11. HP: 20/71 MP: 12/23
 14081 | D:9      | Found a shattered altar of Ashenzari.
 14162 | D:9      | Found a staircase to the Lair.
 14208 | D:9      | Killed a two-headed ogre
 14792 | D:10     | Entered Level 10 of the Dungeon
 14794 | D:10     | Reached skill level 9 in Spellcasting
 14824 | D:10     | Noticed Erica
 15344 | D:10     | Noticed a two-headed ogre
 15350 | D:10     | Identified the +2 leather armour of Untold Secrets {rElec
                  | rC+++ Int+3 Dex-3}
 15350 | D:10     | Noticed Maurice
 15371 | D:10     | Killed a two-headed ogre
 15371 | D:10     | Reached skill level 1 in Invocations
 15383 | D:10     | Killed Maurice
 15603 | D:10     | Reached **** piety under Sif Muna
 16041 | D:10     | Killed Erica
 16041 | D:10     | Reached skill level 5 in Short Blades
 16107 | D:10     | HP: 2/72 [disintegration (28)]
 16538 | D:10     | Reached ***** piety under Sif Muna
 16620 | D:10     | Identified Sif Muna's Handbook of Captivating Changing (Sif
                  | Muna gifted it to you on level 10 of the Dungeon)
 16620 | D:10     | Received a gift from Sif Muna
 16626 | D:10     | Learned a level 3 spell: Inner Flame
 16776 | D:10     | Found an ancient bone altar of Kikubaaqudgha.
 17371 | D:11     | Noticed a five-headed hydra
 17408 | D:11     | Killed a five-headed hydra
 17408 | D:11     | Reached skill level 10 in Spellcasting
 17408 | D:11     | Reached skill level 1 in Fire Magic
 17408 | D:11     | Reached XP level 12. HP: 22/78 MP: 0/26
 17416 | D:11     | Noticed Erolcha
 17780 | D:11     | Killed Erolcha
 18490 | D:11     | Noticed kelmiir's ghost (journeyman GnFi)
 18491 | D:11     | Found a transporter.
 18491 | D:11     | Found a transporter.
 18495 | D:11     | Noticed a two-headed ogre
 18496 | D:11     | Noticed a two-headed ogre
 18543 | D:11     | Killed a two-headed ogre
 18839 | D:11     | Killed kelmiir's ghost
 18895 | D:11     | Killed a two-headed ogre
 18923 | D:11     | Got a bloodstained great sword
 18929 | D:11     | Identified the +6 great sword of Blood {drain, rC+} (You
                  | found it on level 11 of the Dungeon)
 19461 | D:12     | Found a frozen archway.
 19461 | D:12     | Noticed an ice dragon
 19467 | D:12     | Found a large runed translucent door.
 19467 | D:12     | Found a large runed translucent door.
 19467 | D:12     | Noticed Xetefrod's ghost (journeyman FoAK)
 19539 | D:12     | Killed from afar by an ice dragon

Levels and vault maps discovered:
D:1:      dpeg_arrival_three_bigger_balls, layout_basic
D:2:      layout_basic, yredelemnul_altar_generic, fedhas_altar_1, uniq_robin
D:3:      layout_loops_ring, eat_drink_and_be_merry_uskayaw, first_ration,
          corexii_shack, st_stairs_14, minmay_misc_feat_four_crosses,
          palyth_stone_intersect, hangedman_feature_mirror
D:4:      wander_river, layout_basic, kennysheep_mini, serial_shops,
          shop_fountains, serial_bayou, serial_bayou_shore_a,
          serial_bayou_pond_d, serial_bayou_shore_b, serial_bayou_pond_c
D:5:      layout_rooms, kennysheep_little_box, uniq_blork_the_orc
D:6:      lemuel_slime, layout_rooms, nicolae_overflow_crystal_walls,
          temple_doors_e, chequers_serial_rivers_room_a
D:7:      layout_gridville, makhleb_altar_promises_db, enter_bailey_3,
          uniq_crazy_yiuf_cottage, uniq_joseph
D:8:      layout_basic, tso_oasis_becter
D:9:      layout_irregular_city, nicolae_ashenzari_panopticon,
          grunt_lair_entry_orc_guard_hut, chequers_jeans
D:10:     wander_kiku_kobolds, layout_loops_ring, uniq_maurice, uniq_erica
D:11:     layout_basic, gammafunk_ghost_smash, uniq_erolcha
D:12:     layout_irregular_city, zombieorc2_lemuel, ebering_ghost_disaster_area,
          portal_ice_cave_entry_animals_and_master
Temple:   dshaligram_water_room_temple

Skill      XL: |  1  2  3  4  5  6  7  8  9 10 11 12 |
---------------+-------------------------------------+-----
Stealth        | 3 4 5 |  5.4
Fighting       | 1 2 3 4 5 |  5.9
Spellcasting   | 4 5 7 8 10 | 10.6
Conjurations   | 2 3 4 6 7 8 |  8.2
Dodging        | 3 4 5 |  5.0
Short Blades   | 1 2 3 4 5 |  5.6
Shields        | 1 2 3 4 5 |  5.2
Summonings     | 2 |  2.9
Air Magic      | 2 3 4 |  4.0
Evocations     | 1 2 |  2.1
Poison Magic   | 1 2 3 |  3.6
Translocations | 3 |  3.4
Charms         | 1 3 |  3.2
Invocations    | 2 3 |  3.5
Fire Magic     | 1 2 |  2.7
Throwing       | |  0.1

Action                   |  1- 3 |  4- 6 |  7- 9 | 10-12 || total
-------------------------+-------+-------+-------+-------++-------
Melee: Unarmed           |     7 |       |       |       ||     7
       Constrict         |     3 |    36 |    39 |    69 ||   147
       Dagger            |    10 |   154 |   185 |       ||   349
       Tentacles         |     1 |    20 |    37 |    63 ||   121
       Short sword       |       |       |    17 |    47 ||    64
       Kick              |       |       |    27 |   100 ||   127
       Rapier            |       |       |    42 |   413 ||   455
       Staff             |       |       |       |     9 ||     9
       Great sword       |       |       |       |     4 ||     4
Throw: Boomerang         |       |       |       |     3 ||     3
 Cast: Magic Dart        |    31 |    33 |   135 |   162 ||   361
       Call Imp          |     1 |     8 |    29 |    32 ||    70
       Blink             |       |     1 |     6 |    38 ||    45
       Mephitic Cloud    |       |       |    19 |    83 ||   102
       Conjure Flame     |       |       |     1 |     8 ||     9
       Static Discharge  |       |       |     1 |     3 ||     4
       Iskenderun's Batt |       |       |       |     7 ||     7
       Airstrike         |       |       |       |     6 ||     6
Invok: Channel Magic     |       |       |       |     3 ||     3
Evoke: Wand              |       |       |     6 |    21 ||    27
  Use: Potion            |       |     2 |     6 |    16 ||    24
       Scroll            |       |       |     3 |    20 ||    23
 Stab: Sleeping          |     2 |     7 |     5 |    13 ||    27
       Confused          |       |       |     8 |    17 ||    25
       Distracted        |       |       |     1 |     1 ||     2
  Eat: Chunk             |     1 |    14 |    15 |    23 ||    53
       Ration            |       |       |       |     3 ||     3
Armor: Skin              |     5 |    13 |     7 |    35 ||    60
Dodge: Dodged            |    41 |    89 |   138 |   206 ||   474
Block: Buckler           |       |    16 |    57 |    78 ||   151
       Kite shield       |       |       |       |   141 ||   141
       Rpst.: Great sword |       |       |       |     1 ||     1

Table legend:
 A = Non-vault XP
 B = Vault XP
 C = Vault XP percentage of total XP
 D = Non-vault monster count
 E = Vault monster count
 F = Vault count percentage of total count
                 A         B        C        D         E       F
            +---------+---------+-------+---------+---------+-------
      Total |   15304 |    9823 |  39.1 |     265 |     135 |  33.8
            +---------+---------+-------+---------+---------+-------
        D:1 |      10 |       0 |   0.0 |       6 |       0 |   0.0
        D:2 |      92 |      33 |  26.4 |      24 |      12 |  33.3
        D:3 |     169 |      17 |   9.1 |      22 |       4 |  15.4
        D:4 |     221 |       0 |   0.0 |      19 |       0 |   0.0
        D:5 |     644 |      82 |  11.3 |      24 |       1 |   4.0
        D:6 |    1163 |     831 |  41.7 |      26 |      21 |  44.7
        D:7 |     677 |     527 |  43.8 |      21 |       6 |  22.2
        D:8 |    1208 |     280 |  18.8 |      24 |       2 |   7.7
        D:9 |    3260 |     318 |   8.9 |      34 |       3 |   8.1
       D:10 |    3908 |    1989 |  33.7 |      42 |      54 |  56.2
       D:11 |    3570 |    3696 |  50.9 |      15 |       5 |  25.0
       D:12 |     382 |     115 |  23.1 |       8 |       1 |  11.1
     Bailey |       0 |    1935 | 100.0 |       0 |      26 | 100.0
            +---------+---------+-------+---------+---------+-------
